 Dungeon Crawl Stone Soup version 0.18.1-50-g88ac8fd (webtiles) character file.

882625 Peloso the Swordmaster (level 27, -40/273 HPs)
             Began as a Minotaur Fighter on Oct 8, 2016.
             Was the Champion of Okawaru.
             Killed from afar by a Brimstone Fiend (42 damage)
             ... with damnation
             ... on level 9 of a ziggurat on Oct 9, 2016.
             The game lasted 06:23:33 (95307 turns).

Peloso the Swordmaster (Minotaur Fighter)          Turns: 95307, Time: 06:23:40

Health: -40/273    AC: 50    Str: 35    XL:     27
Magic:  38/38      EV: 13    Int:  3    God:    Okawaru [******]
Gold:   7416       SH: 29    Dex: 25    Spells: 0 memorised, 26 levels left

rFire  + + .     SeeInvis .     i - +9 double sword (flame)
rCold  + + +     Gourm    .     Y - +12 gold dragon armour
rNeg   + + .     Faith    .     v - +0 shield "Mogrurud" {rC+ rCorr}
rPois  +         Spirit   .     m - +0 hat {MR+}
rElec  +         Dismiss  .     U - +2 cloak "Reobagy" {rN+ Str+2 Dex+5}
rCorr  +         Reflect  +     t - +1 pair of gloves {Str+3}
SustAt .         Harm     .     P - +2 pair of boots of the Assassin {DetectMon Stab+ Stlth++}
MR     ++++.                    T - brooch of Shielding {Reflect SH+8}
Stlth  ..........               s - ring "Lydaoll" {rElec rF+ Int-2 Dex+2}
                                O - ring of Homigeki {*Drain rC+ rN+ MR+ Dex+4}

@: lethally poisoned (-40 -> -40), very slightly contaminated, incredibly
resistant to hostile enchantments, extremely unstealthy
A: retaliatory headbutt, hooves 1, horns 2
a: Heroism, Finesse, Renounce Religion
}: 5/15 runes: decaying, serpentine, slimy, silver, golden


You were on level 9 of a ziggurat.
You worshipped Okawaru.
Okawaru was exalted by your worship.
You were not hungry.

You visited 13 branches of the dungeon, and saw 64 of its levels.
You visited 1 ziggurat, and saw 9 of its levels.
You also visited: Trove and Wizlab.

You collected 12209 gold pieces.
You spent 4793 gold pieces at shops.

Inventory:

Hand Weapons
 i - a +9 double sword of flaming (weapon)
Armour
 g - the +10 crystal plate armour of Benevolence {MR+}
   (You acquired it on level 7 of the Dungeon)

   It affects your resistance to hostile enchantments.
 m - a +0 hat of magic resistance (worn)
 p - a +1 shield of protection
 t - a +1 pair of gloves of strength (worn)
 v - the +0 shield "Mogrurud" (worn) {rC+ rCorr}
   (Okawaru gifted it to you on level 7 of the Lair of Beasts)

   It protects you from cold.
   It protects you from acid and corrosion.
 P - the +2 pair of boots of the Assassin (worn) {DetectMon Stab+ Stlth++}
   (You found it on level 6 of the Pits of Slime)

   It makes you much more stealthy.
 Q - the +4 shield of the Dungeon {rCorr}
   (You acquired it on level 4 of a ziggurat)

   It protects you from acid and corrosion.
 U - the +2 cloak "Reobagy" (worn) {rN+ Str+2 Dex+5}
   (You acquired it on level 14 of the Dungeon)

   It affects your strength (+2).
   It affects your dexterity (+5).
   It protects you from negative energy.
 W - the +1 pair of boots "Olism" {rF++ rN+ Str-4 Slay+2}
   (You acquired it on level 2 of the Vaults)

   It affects your strength (-4).
   It affects your accuracy and damage with ranged weapons and melee attacks
   (+2).
   It greatly protects you from fire.
   It protects you from negative energy.
 X - a +0 pair of boots of flying
 Y - a +12 gold dragon armour (worn)
Jewellery
 s - the ring "Lydaoll" (right hand) {rElec rF+ Int-2 Dex+2}
   (You found it in a treasure trove)

   [ring of dexterity]

   It affects your intelligence (-2).
   It affects your dexterity (+2).
   It protects you from fire.
   It insulates you from electricity.
 w - an uncursed amulet of the gourmand
 y - a +3 amulet of reflection
 L - an uncursed ring of see invisible
 M - a +4 ring of dexterity
 O - the ring of Homigeki (left hand) {*Drain rC+ rN+ MR+ Dex+4}
   (You found it on level 3 of the Crypt)

   [ring of positive energy]

   It affects your dexterity (+4).
   It protects you from cold.
   It protects you from negative energy.
   It affects your resistance to hostile enchantments.
   It causes draining when unequipped.
 T - the brooch of Shielding (around neck) {Reflect SH+8}
   (You found it on level 6 of a ziggurat)

   [amulet of reflection]

   It shields you and reflects attacks.
   It affects your SH (+8).
 V - the amulet "Ingulicy" {rC+ MR+ Regen+}
   (You found it in a treasure trove)

   [amulet of regeneration]

   It protects you from cold.
   It affects your resistance to hostile enchantments.
   It increases your rate of regeneration.
Wands
 j - a wand of teleportation (4/9)
 q - a wand of digging (14/24)
 C - a wand of disintegration (7/24)
Scrolls
 c - 2 scrolls of blinking
 h - 18 scrolls of teleportation
 l - 16 scrolls of identify
 n - 23 scrolls of remove curse
 o - 2 scrolls of silence
 u - 9 scrolls of summoning
 x - a scroll of enchant weapon
 G - 13 scrolls of fear
 K - 4 scrolls of magic mapping
 S - 15 scrolls of recharging
Potions
 a - 5 potions of berserk rage
 e - 8 potions of might
 k - 28 potions of curing
 r - 3 potions of resistance
 A - 2 potions of cure mutation
 D - 2 potions of heal wounds
 E - 5 potions of haste
 H - 2 potions of flight
 J - 6 potions of agility
 N - 3 potions of invisibility
Comestibles
 d - a slice of pizza
 f - 50 bread rations
 z - 25 meat rations
 B - a royal jelly


   Skills:
 O Level 27 Fighting
 O Level 27 Long Blades
 O Level 27 Armour
 + Level 5.1 Dodging
 + Level 7.0 Stealth
 O Level 27 Shields
 + Level 24.9 Invocations
 + Level 18.8 Evocations


You had 26 spell levels left.
You didn't know any spells.

Dungeon Overview and Level Annotations

Branches:
Dungeon (15/15)            Temple (1/1) D:5            Lair (8/8) D:9
  Swamp (4/4) Lair:5        Snake (4/4) Lair:5        Slime (6/6) Lair:7
    Orc (2/2) D:10            Elf (3/3) Orc:2        Vaults (5/5) D:14
  Crypt (3/3) Vaults:2       Tomb (3/3) Crypt:3      Depths (5/5) D:15
    Zot (5/5) Depths:5

Altars:
Cheibriados
Dithmenos
Elyvilon
Fedhas
Kikubaaqudgha
Makhleb
Okawaru
Qazlal
Ru
Sif Muna
Trog
Vehumet
Xom
Zin
The Shining One
Beogh
Jiyva

Shops:
D:4 ?%*   D:12 (   Orc:1 *   Orc:2 (:=(   Snake:1 =   Snake:3 :   Vaults:2 *
Vaults:5 %%?   Depths:1 }

Portals:
Hell: Lair:8 Depths:1 Depths:2 Depths:3 Depths:4 Depths:5
Abyss: Depths:4
Pandemonium: Depths:3
Ziggurat: Depths:3


Innate Abilities, Weirdness & Mutations

You reflexively headbutt those who attack you in melee.
You have a pair of horns on your head.
You have large cloven feet.


Message History

The Brimstone Fiend calls on the powers of darkness!
Your body is wracked with pain!
* * * LOW HITPOINT WARNING * * *
The Tzitzimitl claws you.
The air around you putrefies into miasma!
The Tzitzimitl bites you.
* * * LOW HITPOINT WARNING * * *
You block the Tzitzimitl's attack.
The hellwing hits you but does no damage.
You block the hellwing's attack.
Read which item? (? for menu, Esc to quit)
Blink to where?
Press: ? - help, Dir - move target cursor
As you read the scroll of blinking, it crumbles to dust.
The Hell Sentinel gestures at you.
The damnation unfurls!
The damnation engulfs you!
* * * LOW HITPOINT WARNING * * *
The Brimstone Fiend gestures at you.
The damnation unfurls!
The damnation engulfs you!
You die...

▓.................▓
▓...........§4§|??▓
▓...........1§§?}!▓
▓...........114?:∩▓
▓∩............2$)>▓
▓..............)(∩▓
▓..............()$▓
▓................:▓
▓......@..........▓
▓▓▓▓▓.........▓▓▓▓▓
▓.........▓
▓▓▓▓▓▓▓▓▓▓▓


You could see a Hell Sentinel, a Tzitzimitl, a Brimstone Fiend, a reaper and 2
hellwings.

Vanquished Creatures
  the Royal Jelly (Slime:6)
  Dissolution (Slime:2)
  Khufu (Tomb:3)
  4 orbs of fire
  6 ancient liches
  3 juggernauts
  28 greater mummies
  Boris (Vaults:4)
  Saint Roka (Elf:2)
  Margery (Depths:2)
  4 Killer Klowns
  Vashnia (Snake:4)
  2 curse toes
  12 golden dragons
  2 caustic shrikes
  the Enchantress (Depths:4)
  A profane servitor (Crypt:3)
  A mutant beast (WizLab)
  Xtahua (Vaults:4)
  The ghost of Dwachs the Hoplite, an adept MiFi of Okawaru (Depths:5)
  A pandemonium lord (Zig:9)
  Jory (Depths:4)
  A bone dragon (Crypt:3)
  An iron giant (Depths:3)
  2 electric golems (Zot:5)
  Jorgrun (Vaults:4)
  The ghost of vuolankoinen the Fencer, an adept HuWn of Ashenzari (Vaults:1)
  14 liches
  25 Orb Guardians (Zot:5)
  16 tentacled monstrosities
  Rupert (Lair:8)
  3 quicksilver dragons
  6 titans
  3 deep elf blademasters
  27 acid blobs
  7 ancient champions
  4 deep elf master archers (Elf:3)
  An Executioner (Zig:9)
  4 draconian monks
  7 death cobs
  9 sphinxes
  5 thorn hunters
  12 tengu reavers
  20 storm dragons
  8 shadow dragons
  9 revenants
  15 azure jellies
  Roxanne (Swamp:2)
  Wiglaf (Snake:4)
  10 greater nagas
  2 draconian knights
  2 iron dragons (Vaults:5)
  6 frost giants
  16 fire giants
  13 deep elf sorcerers
  26 vault wardens
  Louise (Swamp:3)
  5 draconian shifters
  4 ghost moths
  An orc warlord (D:10)
  9 draconian scorchers
  7 deep elf elementalists
  5 ghouls
  3 juggernaut zombies
  A cacodemon (Zig:9)
  4 curse skulls
  16 ironheart preservers
  2 reapers
  3 spriggan defenders (Depths:4)
  Aizul (Swamp:3)
  4 draconian annihilators
  3 draconian zealots
  2 juggernaut skeletons
  5 war gargoyles
  5 draconian callers
  36 very ugly things
  13 vampire knights
  The ghost of Dioneo the Severer, a journeyman MiBe of Trog (Lair:4)
  The ghost of snus the Protected, a journeyman MiGl of Okawaru (D:12)
  2 caustic shrike skeletons (Depths:4)
  A blood saint (Zig:9)
  A salamander stormcaller (Vaults:2)
  12 deep elf demonologists
  2 dire elephants (Lair:8)
  14 stone giants
  2 pale draconians (Depths:5)
  20 green draconians
  4 bennus
  12 yellow draconians
  6 black draconians
  3 spark wasps
  15 white draconians
  10 purple draconians
  9 red draconians
  9 mottled draconians
  A green death (Zig:9)
  27 ettins
  8 deep elf annihilators
  Snorg (Lair:8)
  7 deep elf death magi
  40 vault guards
  Josephine (D:15)
  Erolcha (D:9)
  22 jiangshi
  22 mummy priests
  A merfolk javelineer (Depths:5)
  5 eidola
  19 fire dragons
  6 death oozes
  3 merfolk impalers
  3 deep elf high priests
  3 entropy weavers
  26 yaktaur captains
  16 ice dragons
  13 great orbs of eyes
  2 rakshasas
  5 spriggan air magi
  12 naga warriors
  16 ogre magi
  34 hydras
  A spectral fire giant (Depths:4)
  A ghost crab (shapeshifter) (Depths:2)
  The ghost of Rexou the Ducker, a novice TrBe of Trog (D:8)
  A ghost crab (Swamp:4)
  A catoblepas (Lair:7)
  8 centaur warriors
  Erica (D:8)
  The ghost of StormFighter the Destroyer, a journeyman DECj of Vehumet (Lair:3)
  12 anacondas
  14 death knights
  11 deep troll shamans
  24 dancing weapons
  18 death yaks
  19 naga sharpshooters
  11 vampire magi
  11 deep troll earth magi
  A hell hog (shapeshifter) (Vaults:5)
  12 alligators
  9 tengu warriors
  3 orc high priests (Orc:2)
  7 spriggan berserkers
  A titan zombie (Depths:4)
  A sun demon (Lair:8)
  A hellephant skeleton (Crypt:2)
  21 deep elf knights
  16 spriggans
  10 shock serpents
  A soul eater (Crypt:1)
  A titan skeleton (Tomb:2)
  47 skeletal warriors
  A death drake (Zot:4)
  2 iron trolls
  2 fire crabs
  17 shadow wraiths
  26 death scarabs
  An anaconda zombie (Crypt:1)
  10 hell knights
  3 unseen horrors
  2 iron golems
  A storm dragon zombie (Tomb:1)
  42 deep trolls
  A salamander mystic (Snake:4)
  A golden dragon zombie (Depths:4)
  8 sea snakes (Snake:4)
  A quicksilver dragon simulacrum (Tomb:1)
  13 swamp dragons
  2 spark wasp zombies
  8 naga ritualists
  16 flayed ghosts
  23 ironbrand convokers
  43 anubis guards
  An unseen horror (shapeshifter) (WizLab)
  19 phantasmal warriors
  2 anubis guards (shapeshifter)
  An obsidian statue (Zig:9)
  5 wizards
  18 necromancers
  6 giant orange brains
  8 shambling mangroves
  A hill giant (shapeshifter) (Depths:4)
  15 deep elf archers
  11 hill giants
  3 wolf spider zombies
  A lindwurm (shapeshifter) (WizLab)
  2 harpies (Depths:2)
  5 wolf spiders
  2 anaconda skeletons
  2 oklob plants (Swamp:3)
  6 shining eyes
  A glowing shapeshifter (Depths:5)
  3 shadow dragon zombies
  13 mana vipers
  A sphinx zombie (Vaults:3)
  22 orc knights
  A wolf spider (shapeshifter) (Vaults:5)
  A faun (shapeshifter) (Depths:3)
  2 stone giant zombies
  A cyclops (shapeshifter) (Vaults:4)
  6 orc sorcerers
  A fire giant zombie (Depths:4)
  12 hornets
  2 salamanders (shapeshifter) (WizLab)
  A shadow dragon skeleton (Depths:4)
  11 cyclopes
  62 deep elf magi
  A manticore (shapeshifter) (Depths:3)
  2 iron dragon skeletons
  14 salamanders
  57 ugly things
  18 moths of wrath
  A sixfirhy (Lair:8)
  12 griffons
  A moth of wrath (shapeshifter) (WizLab)
  A rust devil (Zig:6)
  45 black mambas
  2 elephants (shapeshifter)
  A stone giant skeleton (D:15)
  A fire giant skeleton (Zig:4)
  16 vault sentinels
  3 orange demons (Lair:8)
  A guardian serpent (shapeshifter) (WizLab)
  38 elephants
  11 guardian serpents
  17 naga magi
  2 frost giant skeletons
  2 torpor snails
  A spriggan zombie (Zig:6)
  2 octopodes (shapeshifter)
  A dire elephant skeleton (Crypt:3)
  2 elf skeletons (Depths:4)
  2 black mambas (shapeshifter) (WizLab)
  A torpor snail (shapeshifter) (Vaults:5)
  An eye of devastation (shapeshifter) (Vaults:4)
  2 eyes of devastation
  6 gargoyles
  2 rime drakes (shapeshifter)
  3 ice devils (Lair:8)
  19 spiny frogs
  An emperor scorpion zombie (Crypt:1)
  A komodo dragon (shapeshifter) (Depths:5)
  3 yaktaurs (shapeshifter)
  7 kobold demonologists
  19 freezing wraiths
  56 yaktaurs
  A green draconian zombie (Crypt:1)
  8 komodo dragons
  A hellwing (Lair:8)
  A tormentor (Zig:6)
  8 rime drakes
  39 guardian mummies
  A golden dragon simulacrum (Depths:4)
  10 tengu conjurers
  An iron troll zombie (Crypt:1)
  4 red devils (Lair:8)
  A jumping spider (shapeshifter) (WizLab)
  10 trolls
  A polar bear (Lair:7)
  3 trolls (shapeshifter)
  2 giant leeches
  A polar bear (shapeshifter) (WizLab)
  An entropy weaver zombie (Crypt:2)
  A two-headed ogre (shapeshifter) (Vaults:3)
  An iron troll skeleton (Crypt:1)
  135 slime creatures
  A slime creature (shapeshifter) (Depths:5)
  2 boulder beetles
  28 two-headed ogres
  Grinder (D:5)
  22 ushabtiu
  18 bog bodies
  An ettin zombie (Crypt:3)
  An ice dragon zombie (Tomb:3)
  65 flying skulls
  10 blink frogs
  12 air elementals
  2 tarantellas (shapeshifter) (WizLab)
  5 redbacks
  A salamander simulacrum (Vaults:1)
  2 wyverns (shapeshifter)
  2 centaur simulacra (D:14)
  13 water elementals
  A vampire (D:14)
  An ettin skeleton (Crypt:1)
  5 basilisks
  2 wyverns
  13 shadows
  3 tarantellas
  A hog (shapeshifter) (WizLab)
  18 wraiths
  9 hippogriffs
  A basilisk (shapeshifter) (Vaults:4)
  37 yaks
  3 yaks (shapeshifter) (WizLab)
  7 golden eyes (Slime:2)
  2 steam dragons (Depths:5)
  A golden eye (shapeshifter) (Vaults:4)
  3 hungry ghosts
  7 large abominations (WizLab)
  A mottled dragon (shapeshifter) (Vaults:1)
  A yaktaur simulacrum (Vaults:3)
  51 vampire mosquitoes
  4 wargs
  11 insubstantial wisps
  64 nagas
  19 swamp worms
  An infernal demonspawn skeleton (Crypt:1)
  A monstrous demonspawn zombie (Crypt:2)
  18 water moccasins
  A torturous demonspawn skeleton (Crypt:1)
  A soldier ant (shapeshifter) (Vaults:1)
  5 giant eyeballs
  A giant eyeball (shapeshifter) (Vaults:5)
  14 porcupines
  A faun skeleton (Crypt:2)
  A black bear (shapeshifter) (WizLab)
  3 ice beasts
  7 sky beasts
  8 necrophages
  7 swamp drakes
  30 orc warriors
  4 phantoms
  9 eyes of draining
  28 wasps
  A black bear (D:8)
  A spriggan simulacrum (Zig:8)
  19 boggarts
  53 ogres
  14 wolves
  21 centaurs
  A fire dragon simulacrum (Crypt:3)
  A snapping turtle zombie (Tomb:2)
  15 crocodiles
  A rime drake skeleton (Crypt:1)
  9 big kobolds
  7 small abominations
  28 giant frogs
  4 wyvern zombies
  2 earth elementals (Elf:2)
  A human skeleton (Vaults:3)
  A deep troll simulacrum (Vaults:1)
  A spiny frog simulacrum (Crypt:1)
  A polar bear zombie (Crypt:1)
  4 scorpions
  A warg skeleton (Crypt:2)
  14 killer bees
  6 wights
  A troll skeleton (D:11)
  7 electric eels
  3 spriggan skeletons
  6 howler monkeys
  3 lava snakes (D:11)
  9 crimson imps
  3 quasits
  3 giant frog zombies
  7 hounds
  15 orc priests
  6 centaur skeletons
  31 orc wizards
  43 jellies
  A giant frog skeleton (D:11)
  2 iron imps (Zig:6)
  14 iguanas
  7 worker ants
  A yak simulacrum (Lair:8)
  A porcupine skeleton (Crypt:2)
  28 sheep
  6 polar bear simulacra (Lair:8)
  A mottled dragon skeleton (Crypt:2)
  A hound skeleton (D:7)
  56 mummies
  3 worker ant zombies
  A steam dragon zombie (Crypt:1)
  11 adders
  75 river rats
  4 shadow imps
  A white imp (Depths:2)
  An ufetubus (Depths:3)
  An ooze (D:7)
  2 adder skeletons
  2 worms (D:2)
  2 dart slugs (D:1)
  3 giant geckos
  88 orcs
  6 giant cockroaches
  2 hobgoblins
  12 jackals
  8 quokkas
  7 bats
  A giant gecko zombie (D:5)
  6 giant newts
  6 goblins
  A jackal skeleton (D:5)
  A jackal zombie (D:6)
  26 kobolds
  A kobold skeleton (Tomb:3)
  An orc skeleton (Tomb:1)
  2 rats
  4 river rat simulacra (Lair:8)
  A river rat skeleton (Crypt:1)
  7 briar patches
  6 fungi
  A plant (Lair:1)
3589 creatures vanquished.

Vanquished Creatures (others)
  A lich (Vaults:5)
  A tengu reaver (Vaults:5)
  A revenant (Tomb:2)
  A draconian knight (Zot:5)
  A draconian scorcher (Zot:4)
  A ghost moth (Zot:4)
  An ironheart preserver (Vaults:5)
  A vampire knight (Vaults:1)
  A red draconian (Zot:3)
  A deep elf death mage (Elf:3)
  A deep elf high priest (Elf:3)
  An ice dragon (Zot:5)
  A spriggan air mage (Depths:5)
  An alligator (Swamp:2)
  A naga sharpshooter (Snake:4)
  An unseen horror (D:15)
  A deep elf archer (Vaults:2)
  A hornet (Swamp:3)
  A naga mage (Snake:4)
  A rime drake (shapeshifter) (Depths:5)
  11 flying skulls (Tomb:2)
  An orc warrior (Orc:1)
  A swamp drake (Swamp:3)
  A centaur (Vaults:4)
  3 mummies (Tomb:2)
  2 briar patches (Swamp:3)
  49 fungi
  7 lost souls
  16 plants
  4 withered plants (D:15)
115 creatures vanquished.

Grand Total: 3704 creatures vanquished

Notes
Turn   | Place    | Note
--------------------------------------------------------------
     0 | D:1      | Peloso the Minotaur Fighter began the quest for the Orb.
     0 | D:1      | Reached XP level 1. HP: 19/19 MP: 0/0
   215 | D:1      | Reached XP level 2. HP: 27/27 MP: 1/1
   701 | D:2      | Reached XP level 3. HP: 33/33 MP: 2/2
   760 | D:2      | Found a shadowy altar of Dithmenos.
   827 | D:2      | Reached skill level 1 in Dodging
   918 | D:2      | Found a stormy altar of Qazlal.
  1174 | D:2      | Reached XP level 4. HP: 33/40 MP: 3/3
  1369 | D:3      | Found a shimmering altar of Xom.
  1865 | D:4      | Found Naretul's Magic Scroll Emporium.
  1881 | D:4      | Found Vaokics's General Store.
  1889 | D:4      | Bought a scroll of enchant weapon for 75 gold pieces
  1901 | D:4      | Found Jautofi's Food Emporium.
  2032 | D:4      | Found a radiant altar of Vehumet.
  2063 | D:4      | Reached XP level 5. HP: 46/46 MP: 4/4
  2277 | D:5      | Entered Level 5 of the Dungeon
  2491 | D:5      | Noticed Grinder
  2501 | D:5      | Paralysed by Grinder for 6 turns
  2509 | D:5      | Paralysed by Grinder for 4 turns
  2514 | D:5      | HP: 2/47 [Grinder (5)]
  2517 | D:5      | Killed Grinder
  2517 | D:5      | Reached skill level 5 in Armour
  2517 | D:5      | Reached skill level 5 in Shields
  2517 | D:5      | Reached XP level 6. HP: 23/53 MP: 5/5
  2714 | D:5      | Found a deep blue altar of Sif Muna.
  2833 | D:5      | Found a staircase to the Ecumenical Temple.
  2838 | Temple   | Entered the Ecumenical Temple
  2842 | Temple   | Became a worshipper of Warmaster Okawaru
  2957 | D:5      | Found a sacrificial altar of Ru.
  2995 | D:5      | Reached skill level 5 in Fighting
  2995 | D:5      | Reached XP level 7. HP: 24/61 MP: 6/6
  3618 | D:6      | Reached * piety under Okawaru
  3792 | D:6      | Reached skill level 5 in Long Blades
  3823 | D:6      | Reached XP level 8. HP: 61/68 MP: 7/7
  4318 | D:7      | Identified a scroll of acquirement
  4321 | D:7      | Got a brightly glowing crystal plate armour
  4332 | D:7      | Identified the +10 crystal plate armour of Benevolence {MR+} (You acquired it on level 7 of the Dungeon)
  4351 | D:7      | Reached ** piety under Okawaru
  4619 | D:7      | Reached skill level 5 in Dodging
  4784 | D:7      | Reached XP level 9. HP: 68/75 MP: 8/8
  4798 | D:7      | Reached *** piety under Okawaru
  4823 | D:7      | Found a burning altar of Makhleb.
  4932 | D:7      | Found a glowing golden altar of the Shining One.
  5194 | D:8      | Noticed Erica
  5223 | D:8      | Killed Erica
  5663 | D:8      | Found a bloodstained altar of Trog.
  5730 | D:8      | Noticed Rexou's ghost (novice TrBe)
  5755 | D:8      | Killed Rexou's ghost
  5755 | D:8      | Reached **** piety under Okawaru
  5755 | D:8      | Reached XP level 10. HP: 66/88 MP: 9/9
  5817 | D:9      | Noticed a gargoyle
  6053 | D:9      | Killed a gargoyle
  6092 | D:9      | Reached skill level 10 in Shields
  6252 | D:9      | Reached ***** piety under Okawaru
  6266 | D:9      | Reached skill level 10 in Armour
  6267 | D:9      | Noticed Erolcha
  6290 | D:9      | Reached skill level 10 in Long Blades
  6296 | D:9      | HP: 4/90 [Erolcha/giant club (10)]
  6300 | D:9      | Killed Erolcha
  6453 | D:9      | Reached XP level 11. HP: 73/97 MP: 10/10
  6552 | D:9      | Found a staircase to the Lair.
  7245 | D:9      | Found a glowing silver altar of Zin.
  7276 | D:10     | Entered Level 10 of the Dungeon
  7330 | D:10     | Noticed a hill giant
  7336 | D:10     | Killed a hill giant
  7520 | D:10     | Found a staircase to the Orcish Mines.
  8461 | Lair:1   | Entered Level 1 of the Lair of Beasts
  8711 | Lair:1   | Received a gift from Okawaru
  8711 | Lair:1   | Reached skill level 10 in Fighting
  9814 | Lair:3   | Noticed StormFighter's ghost (journeyman DECj)
 10029 | Lair:2   | Noticed an eight-headed hydra
 10037 | Lair:2   | Killed a four-headed hydra
 10037 | Lair:2   | Reached ****** piety under Okawaru
 10037 | Lair:2   | Received a gift from Okawaru
 10110 | Lair:3   | Killed StormFighter's ghost
 10487 | Lair:3   | Reached XP level 12. HP: 108/108 MP: 11/11
 11544 | Lair:4   | Noticed an eight-headed hydra
 11555 | Lair:4   | Killed a five-headed hydra
 11591 | Lair:4   | Noticed Dioneo's ghost (journeyman MiBe)
 11608 | Lair:4   | Killed Dioneo's ghost
 11608 | Lair:4   | Received a gift from Okawaru
 11611 | Lair:4   | Got a pair of faintly glowing boots {god gift}
 11622 | Lair:4   | Identified the -2 pair of boots "Fiulec" {*Contam MP+9 Dex+7 Stlth+} (Okawaru gifted it to you on level 4 of the Lair of Beasts)
 11743 | Lair:4   | Reached XP level 13. HP: 90/118 MP: 12/12
 12345 | Lair:5   | Found a staircase to the Swamp.
 12468 | Lair:5   | Received a gift from Okawaru
 12498 | Lair:5   | Got a slimy demon blade {god gift}
 12499 | Lair:5   | Identified the +3 demon blade of Girdle {freeze, rF+ rN+ Str-2 Dex+4} (Okawaru gifted it to you on level 5 of the Lair of Beasts)
 12652 | Lair:5   | Found a staircase to the Snake Pit.
 13222 | Lair:6   | Reached skill level 15 in Long Blades
 13239 | Lair:6   | Reached skill level 15 in Shields
 13300 | Lair:6   | Received a gift from Okawaru
 14152 | Lair:7   | Reached XP level 14. HP: 128/129 MP: 13/13
 14155 | Lair:7   | Received a gift from Okawaru
 14177 | Lair:7   | Got a bloodstained shield {god gift}
 14200 | Lair:7   | Identified the +0 shield "Mogrurud" {rC+ rCorr} (Okawaru gifted it to you on level 7 of the Lair of Beasts)
 14742 | Lair:7   | Found a staircase to the Slime Pits.
 14821 | Lair:8   | Entered Level 8 of the Lair of Beasts
 14911 | Lair:8   | Noticed Rupert
 15000 | Lair:8   | Killed Rupert
 15091 | Lair:8   | Reached skill level 1 in Invocations
 15136 | Lair:8   | Noticed Snorg
 15149 | Lair:8   | Killed Snorg
 15416 | Lair:8   | Received a gift from Okawaru
 15484 | Lair:8   | Received a gift from Okawaru
 15570 | Lair:8   | Found a burning altar of Makhleb.
 15670 | Lair:8   | Reached XP level 15. HP: 103/138 MP: 14/14
 15812 | Lair:8   | Found a gateway to Hell.
 17467 | D:12     | Noticed snus's ghost (journeyman MiGl)
 17510 | D:12     | Killed snus's ghost
 18059 | D:12     | Received a gift from Okawaru
 18060 | D:12     | Found Qonaow's Weapon Boutique.
 20533 | D:14     | Found a portal to a secret trove of treasure.
 20636 | D:14     | Received a gift from Okawaru
 20643 | D:14     | Found a gate to the Vaults.
 21093 | D:14     | Reached skill level 15 in Fighting
 21394 | D:4      | Bought a scroll of enchant weapon for 105 gold pieces
 21394 | D:4      | Bought a scroll of acquirement for 728 gold pieces
 21394 | D:4      | Bought a scroll of enchant weapon for 105 gold pieces
 21394 | D:4      | Bought a scroll of teleportation for 42 gold pieces
 21394 | D:4      | Bought a scroll of blinking for 105 gold pieces
 21394 | D:4      | Bought a scroll of identify for 28 gold pieces
 21394 | D:4      | Bought a scroll of enchant armour for 105 gold pieces
 21405 | D:4      | Bought a scroll of enchant weapon for 75 gold pieces
 21667 | D:14     | Got a faintly glowing cloak
 21680 | D:14     | Identified the +2 cloak "Reobagy" {rN+ Str+2 Dex+5} (You acquired it on level 14 of the Dungeon)
 21696 | D:15     | Entered Level 15 of the Dungeon
 21906 | D:15     | Found a staircase to the Depths.
 21922 | D:15     | Reached XP level 16. HP: 132/149 MP: 16/16
 21974 | D:15     | Noticed Josephine
 21984 | D:15     | Killed Josephine
 22042 | D:15     | Found a glowing silver altar of Zin.
 22322 | D:15     | Found a blossoming altar of Fedhas.
 22876 | Orc:1    | Entered Level 1 of the Orcish Mines
 23008 | Orc:1    | Found Saabir's Assorted Antiques.
 23099 | Orc:2    | Entered Level 2 of the Orcish Mines
 23191 | Orc:2    | Found a bloodstained altar of Trog.
 23338 | Orc:2    | Found a staircase to the Elven Halls.
 23424 | Orc:2    | Found an iron altar of Okawaru.
 23982 | Orc:2    | Received a gift from Okawaru
 23983 | Orc:2    | Found Tulof's Weapon Emporium.
 23983 | Orc:2    | Found Ahouv's Antique Weapon Boutique.
 23985 | Orc:2    | Found Diots's Jewellery Emporium.
 23985 | Orc:2    | Found Kickapso's Book Boutique.
 23996 | Orc:2    | Bought a shimmering long sword for 255 gold pieces
 23997 | Orc:2    | Identified the cursed +3 long sword "Foylij" {pain, rC- MR++} (You bought it in a shop on level 2 of the Orcish Mines)
 24004 | Orc:2    | Bought a +3 amulet of reflection for 400 gold pieces
 24004 | Orc:2    | Bought an uncursed ring of poison resistance for 320 gold pieces
 24243 | Orc:1    | Found a runed door.
 24590 | Orc:1    | Found a roughly hewn altar of Beogh.
 25049 | Swamp:1  | Entered Level 1 of the Swamp
 26369 | Swamp:2  | Received a gift from Okawaru
 26432 | Swamp:2  | Reached XP level 17. HP: 158/158 MP: 17/17
 26450 | Swamp:2  | Noticed Roxanne
 26467 | Swamp:2  | Killed Roxanne
 26955 | Swamp:3  | Noticed Aizul
 26968 | Swamp:3  | Killed Aizul
 27229 | Swamp:3  | Noticed Louise
 27239 | Swamp:3  | Killed Louise
 27635 | Swamp:3  | Reached skill level 15 in Armour
 28139 | Swamp:4  | Entered Level 4 of the Swamp
 28174 | Swamp:4  | Got a bloodstained flail
 28311 | Swamp:4  | Received a gift from Okawaru
 28634 | Swamp:4  | Received a gift from Okawaru
 28878 | Swamp:4  | Got a decaying rune of Zot
 29279 | Lair:1   | Identified the +4 flail of Akizxe {venom, rPois rC+} (You found it on level 4 of the Swamp)
 29363 | Snake:1  | Entered Level 1 of the Snake Pit
 29672 | Snake:1  | Found Gykkoove's Jewellery Boutique.
 29721 | Snake:1  | Reached XP level 18. HP: 133/169 MP: 18/18
 30371 | Snake:2  | Found a white marble altar of Elyvilon.
 31771 | Snake:3  | Received a gift from Okawaru
 31968 | Snake:3  | Found a shimmering altar of Xom.
 32098 | Snake:3  | Found Zayjucho's Book Shop.
 32266 | Snake:4  | Entered Level 4 of the Snake Pit
 32583 | Snake:4  | Noticed Vashnia
 32634 | Snake:4  | Killed Vashnia
 32857 | Snake:4  | Noticed Wiglaf
 32874 | Snake:4  | Killed Wiglaf
 33122 | Snake:4  | Found a sacrificial altar of Ru.
 33473 | Snake:4  | Received a gift from Okawaru
 33749 | Snake:4  | Reached XP level 19. HP: 175/179 MP: 19/19
 34869 | Snake:4  | Got a serpentine rune of Zot
 35301 | Snake:4  | Received a gift from Okawaru
 35767 | Elf:1    | Entered Level 1 of the Elven Halls
 35789 | Elf:1    | Found a radiant altar of Vehumet.
 36437 | Elf:1    | Got a brightly glowing chain mail
 36448 | Elf:1    | Identified the +7 chain mail "Nupar" {*Confuse rElec Int+6 Stlth+} (You found it on level 1 of the Elven Halls)
 36951 | Elf:2    | Found a runed gate.
 36951 | Elf:2    | Found a runed gate.
 36952 | Elf:2    | Found a runed gate.
 37411 | Elf:2    | Noticed Saint Roka
 37432 | Elf:2    | Killed Saint Roka
 37564 | Elf:2    | Reached XP level 20. HP: 168/189 MP: 20/20
 37609 | Elf:2    | Received a gift from Okawaru
 38125 | Elf:3    | Entered Level 3 of the Elven Halls
 38733 | Elf:3    | Received a gift from Okawaru
 38896 | Elf:3    | Noticed a Tzitzimitl
 39291 | Elf:3    | Received a gift from Okawaru
 39602 | Elf:3    | Noticed a Tzitzimitl
 39966 | Elf:3    | Identified the Catalogue of Earth and Execration
 39976 | Elf:3    | Got a slimy dagger
 40007 | Elf:3    | Got a pair of bloodstained boots
 40018 | Elf:3    | Identified the +1 pair of boots "Tiho" {MR+ Stlth+} (You found it on level 3 of the Elven Halls)
 40054 | Elf:3    | Gained mutation: You tend to lose your temper in combat. [mutagenic glow]
 40091 | Elf:3    | Identified the cursed +3 dagger of Tustraus {pierce, Int+4} (You found it on level 3 of the Elven Halls)
 40733 | Vaults:1 | Entered Level 1 of the Vaults
 40740 | Vaults:1 | Noticed vuolankoinen's ghost (adept HuWn)
 40751 | Vaults:1 | Killed vuolankoinen's ghost
 41672 | Vaults:1 | Reached XP level 21. HP: 199/199 MP: 21/21
 41944 | Vaults:1 | Received a gift from Okawaru
 41963 | Vaults:1 | Got a distressingly furry plate armour
 42416 | Vaults:1 | Identified the +7 plate armour "Nosyriec" {+Fly} (You found it on level 1 of the Vaults)
 43539 | Vaults:2 | Found a staircase to the Crypt.
 44110 | Vaults:2 | Received a gift from Okawaru
 44536 | Vaults:2 | Found Ucyqyvad's General Store.
 44650 | Vaults:2 | Got a pair of distressingly furry boots
 44661 | Vaults:2 | Identified the +1 pair of boots "Olism" {rF++ rN+ Str-4 Slay+2} (You acquired it on level 2 of the Vaults)
 44999 | Vaults:3 | Reached XP level 22. HP: 143/210 MP: 22/22
 45247 | Vaults:3 | Received a gift from Okawaru
 46664 | Vaults:3 | Received a gift from Okawaru
 47020 | Vaults:4 | Noticed Xtahua
 47031 | Vaults:4 | Killed Xtahua
 47358 | Vaults:4 | Noticed Jorgrun
 47402 | Vaults:4 | Killed Jorgrun
 48362 | Vaults:4 | Received a gift from Okawaru
 48658 | Vaults:5 | Entered Level 5 of the Vaults
 48658 | Vaults:5 | Noticed a golden dragon
 48677 | Vaults:4 | Reached XP level 23. HP: 220/220 MP: 23/23
 48808 | Vaults:4 | Received a gift from Okawaru
 48822 | Vaults:4 | Got a fine falchion {god gift}
 48831 | Vaults:4 | Identified the +7 falchion of Valour {freeze, rC+} (Okawaru gifted it to you on level 4 of the Vaults)
 49078 | Vaults:5 | Noticed Boris
 49274 | Vaults:4 | Killed Boris
 50248 | Vaults:5 | Received a gift from Okawaru
 50257 | Vaults:5 | Reached skill level 27 in Long Blades
 50427 | Vaults:5 | Received a gift from Okawaru
 50552 | Vaults:5 | Found Pojodyosuy's Food Shoppe.
 50982 | Vaults:5 | Reached skill level 1 in Stealth
 51014 | Vaults:5 | Received a gift from Okawaru
 51140 | Vaults:5 | Got a translucent quick blade {elec}
 51270 | Vaults:5 | Identified the cursed +1 quick blade "Vidghy" {elec, Stlth+} (You took it off a deep elf annihilator on level 5 of the Vaults)
 51476 | Vaults:5 | Found Nisut's Magic Scroll Boutique.
 51480 | Vaults:5 | Bought a scroll of magic mapping for 70 gold pieces
 51480 | Vaults:5 | Bought a scroll of enchant armour for 150 gold pieces
 51492 | Vaults:5 | Got a silver rune of Zot
 51500 | Vaults:5 | Reached XP level 24. HP: 233/233 MP: 23/23
 51525 | Vaults:5 | Found Niozaz's Food Emporium.
 51848 | Vaults:5 | Reached skill level 27 in Shields
 52913 | Depths:1 | Entered Level 1 of the Depths
 52917 | Depths:1 | Found Xeijeis's Gadget Boutique.
 52981 | Depths:1 | Found a magical portal.
 53017 | WizLab   | Entered Cigotuvi's Fleshworks
 53245 | WizLab   | Received a gift from Okawaru
 53249 | WizLab   | Paralysed by a giant eyeball for 2 turns
 53273 | WizLab   | Got a translucent lead ring
 53274 | WizLab   | Identified the ring "Tept" {rN+ Dex+4} (You found it in a wizard's laboratory)
 53301 | WizLab   | Paralysed by a giant eyeball for 4 turns
 53310 | WizLab   | Paralysed by a giant eyeball for 2 turns
 53542 | WizLab   | Identified Cigotuvi's Disquisition on Twisted Transmutation
 54634 | Depths:1 | Received a gift from Okawaru
 54862 | Depths:1 | Found a runed door.
 54869 | Depths:1 | Found a radiant altar of Vehumet.
 54869 | Depths:1 | Noticed an ancient lich
 54879 | Depths:1 | Killed an ancient lich
 54896 | Depths:1 | Identified the Handbook of Arcane Weapons
 55684 | Depths:2 | Reached XP level 25. HP: 223/247 MP: 23/23
 56696 | Depths:3 | Received a gift from Okawaru
 57145 | Depths:3 | Noticed a juggernaut
 57156 | Depths:3 | Killed a juggernaut
 57538 | Depths:3 | Received a gift from Okawaru
 57541 | Depths:3 | Got a pair of polished boots {god gift}
 57552 | Depths:3 | Identified the +1 pair of boots "Vaurgh" {rF+ rC+ Int+4} (Okawaru gifted it to you on level 3 of the Depths)
 57956 | Depths:3 | Noticed Margery
 58001 | Depths:2 | Killed Margery
 58710 | Depths:3 | Found a gateway to a ziggurat.
 58916 | Depths:3 | Found a one-way gate leading to the halls of Pandemonium.
 59497 | Lair:1   | Gained mutation: You are resistant to hostile enchantments. [potion of beneficial mutation]
 59750 | D:14     | You paid a toll of a +3 shadow dragon armour to enter a treasure trove
 59751 | Trove    | Entered a treasure trove
 59777 | Trove    | Got a wavering marble ring
 59779 | Trove    | Identified the ring "Lydaoll" {rElec rF+ Int-2 Dex+2} (You found it in a treasure trove)
 59782 | Trove    | Got a translucent golden ring
 59784 | Trove    | Identified the ring of Doac {Fragile rN+++ MP+9 Int-3 Stlth+} (You found it in a treasure trove)
 59816 | Trove    | Got a translucent bone ring
 59817 | Trove    | Identified the ring of Zin's Hatred {SustAt MR+} (You found it in a treasure trove)
 59823 | Trove    | Got a heavily runed tin amulet
 59824 | Trove    | Identified the amulet "Ingulicy" {rC+ MR+ Regen+} (You found it in a treasure trove)
 60511 | Depths:4 | Noticed the Enchantress
 60517 | Depths:4 | Killed the Enchantress
 60524 | Depths:4 | Received a gift from Okawaru
 60779 | Depths:4 | Found a one-way gate to the infinite horrors of the Abyss.
 60875 | Depths:4 | Reached XP level 26. HP: 225/264 MP: 23/23
 60904 | Depths:4 | Reached skill level 27 in Fighting
 60921 | Depths:4 | Identified the Papyrus of Unholy Arts
 61025 | Depths:4 | Received a gift from Okawaru
 61093 | Depths:4 | Got a pair of brightly glowing gloves {god gift}
 61104 | Depths:4 | Identified the +0 pair of gloves "Tael Witohu" {rC+ Regen+ Slay+2} (Okawaru gifted it to you on level 4 of the Depths)
 61234 | Depths:4 | Reached skill level 1 in Evocations
 61726 | Depths:4 | Got a ring of the Octopus King
 61731 | Depths:4 | Got a sparkling ruby amulet
 61748 | Depths:4 | Noticed Jory
 61758 | Depths:4 | Killed Jory
 61794 | Depths:4 | Identified a ring of the Octopus King {MP+9 AC+1 EV+1 Str+1 Int+1 Dex+1} (You took it off a vampire knight on level 4 of the Depths)
 62233 | Depths:4 | Identified the amulet "Sekephib" {+Rage MP+9 Dex+4} (You took it off a vampire knight on level 4 of the Depths)
 63021 | Slime:1  | Entered Level 1 of the Pits of Slime
 63441 | Slime:2  | Noticed Dissolution
 63446 | Slime:2  | Killed Dissolution
 64208 | Slime:3  | Received a gift from Okawaru
 64615 | Slime:5  | Received a gift from Okawaru
 64632 | Slime:5  | Gained mutation: You are frail (-10% HP). [a shining eye]
 64641 | Slime:5  | Gained mutation: You expend magic power (3 MP) to strengthen your wands. [a shining eye]
 65010 | Slime:6  | Entered Level 6 of the Pits of Slime
 65045 | Slime:6  | Gained mutation: You are dopey. (Int -2) [a shining eye]
 65050 | Slime:6  | Lost intelligence.
 65050 | Slime:6  | Gained mutation: You are very dopey. (Int -4) [a shining eye]
 65056 | Slime:6  | Gained mutation: You occasionally shout uncontrollably at your foes. [a shining eye]
 66072 | Lair:1   | Lost mutation: You tend to lose your temper in combat. [potion of cure mutation]
 66072 | Lair:1   | Lost mutation: You are frail (-10% HP). [potion of cure mutation]
 66072 | Lair:1   | Lost mutation: You occasionally shout uncontrollably at your foes. [potion of cure mutation]
 66072 | Lair:1   | Lost mutation: You are resistant to hostile enchantments. [potion of cure mutation]
 66192 | Lair:1   | Lost mutation: You expend magic power (3 MP) to strengthen your wands. [potion of cure mutation]
 66192 | Lair:1   | Lost mutation: You are very dopey. (Int -4) [potion of cure mutation]
 66816 | Slime:6  | Reached XP level 27. HP: 220/272 MP: 24/24
 66847 | Slime:6  | Noticed the Royal Jelly
 67128 | Slime:5  | Gained mutation: Scrolls take you a little longer to read. [a shining eye]
 67131 | Slime:5  | Gained mutation: You are frail (-10% HP). [a shining eye]
 67438 | Slime:6  | Found a viscous altar of Jiyva.
 67567 | Slime:6  | Killed the Royal Jelly
 67567 | Slime:6  | Received a gift from Okawaru
 67726 | Slime:6  | Got a steaming glass ring
 67728 | Slime:6  | Identified the ring of Hoohoin {EV+1 Int+2} (You found it on level 6 of the Pits of Slime)
 67739 | Slime:6  | Got a translucent brass ring
 67740 | Slime:6  | Identified the ring of Dyucsolui {SustAt rF+ Dex+2} (You found it on level 6 of the Pits of Slime)
 67830 | Slime:6  | Got a slimy rune of Zot
 68190 | Lair:4   | Lost mutation: You are frail (-10% HP). [potion of cure mutation]
 68190 | Lair:4   | Lost mutation: Scrolls take you a little longer to read. [potion of cure mutation]
 68190 | Lair:4   | Lost mutation: You are dopey. (Int -2) [potion of cure mutation]
 68632 | Crypt:1  | Entered Level 1 of the Crypt
 69519 | Crypt:2  | Reached skill level 27 in Armour
 69690 | Crypt:2  | Received a gift from Okawaru
 69936 | Crypt:2  | Reached skill level 5 in Evocations
 70241 | Crypt:3  | Entered Level 3 of the Crypt
 70372 | Crypt:3  | Reached skill level 5 in Invocations
 70544 | Crypt:3  | Found an ancient bone altar of Kikubaaqudgha.
 71105 | Crypt:3  | Got a crude chain mail
 71106 | Crypt:3  | Identified the +5 chain mail of the Other Side {rElec rPois Str-4} (You found it on level 3 of the Crypt)
 71190 | Crypt:3  | Got a wavering granite ring
 71192 | Crypt:3  | Identified the ring of Paytidiz {rPois MR- Str+4 Dex+2 Stlth+} (You found it on level 3 of the Crypt)
 71271 | Crypt:3  | Noticed an ancient lich
 71279 | Crypt:3  | Killed an ancient lich
 71281 | Crypt:3  | Found a staircase to the Tomb.
 71306 | Crypt:3  | Got a shimmering copper ring
 71306 | Crypt:3  | Got a coiled glass ring
 71308 | Crypt:3  | Identified the ring "Queneror" {rPois rN+ Str-5 Dex+3 SInv} (You found it on level 3 of the Crypt)
 71311 | Crypt:3  | Identified the ring of Homigeki {*Drain rC+ rN+ MR+ Dex+4} (You found it on level 3 of the Crypt)
 71939 | Tomb:1   | Entered Level 1 of the Tomb of the Ancients
 72001 | Tomb:1   | Reached skill level 10 in Evocations
 72640 | Tomb:1   | Reached skill level 5 in Stealth
 72642 | Tomb:1   | Noticed a greater mummy
 72659 | Tomb:1   | Killed a greater mummy
 72914 | Tomb:1   | Received a gift from Okawaru
 73501 | Tomb:2   | Noticed a greater mummy
 73503 | Tomb:2   | Noticed an ancient lich
 73504 | Tomb:2   | Noticed a greater mummy
 73524 | Tomb:2   | Noticed a greater mummy
 73583 | Tomb:1   | Killed an ancient lich
 73678 | Tomb:1   | Killed a greater mummy
 73999 | Tomb:1   | Killed a greater mummy
 74009 | Tomb:1   | Killed a greater mummy
 74886 | Tomb:1   | Noticed a greater mummy
 74887 | Tomb:1   | Noticed a greater mummy
 75024 | Tomb:2   | Killed a greater mummy
 75029 | Tomb:2   | Killed a greater mummy
 75254 | Tomb:1   | Noticed a greater mummy
 75260 | Tomb:1   | Killed a greater mummy
 75273 | Tomb:1   | Noticed a greater mummy
 75282 | Tomb:1   | Killed a greater mummy
 75282 | Tomb:1   | Reached skill level 10 in Invocations
 75289 | Tomb:1   | Noticed a greater mummy
 75295 | Tomb:1   | Killed a greater mummy
 75517 | Tomb:1   | Noticed a greater mummy
 75517 | Tomb:1   | Noticed a greater mummy
 75517 | Tomb:1   | Noticed a greater mummy
 75663 | Tomb:1   | Killed a greater mummy
 75672 | Tomb:2   | Killed a greater mummy
 75820 | Tomb:1   | Killed a greater mummy
 75820 | Tomb:1   | Received a gift from Okawaru
 75921 | Tomb:1   | Noticed a greater mummy
 75921 | Tomb:1   | Noticed a greater mummy
 75944 | Tomb:1   | Killed a greater mummy
 75952 | Tomb:1   | Killed a greater mummy
 75993 | Tomb:1   | Noticed a greater mummy
 76007 | Tomb:1   | Killed a greater mummy
 76046 | Tomb:1   | Noticed a greater mummy
 76218 | Tomb:1   | Killed a greater mummy
 76300 | Tomb:1   | Noticed a greater mummy
 76315 | Tomb:1   | Killed a greater mummy
 76346 | Tomb:1   | Noticed a greater mummy
 76358 | Tomb:1   | Killed a greater mummy
 76714 | Tomb:3   | Entered Level 3 of the Tomb of the Ancients
 76740 | Tomb:3   | Noticed a greater mummy
 76741 | Tomb:3   | Noticed a greater mummy
 77132 | Tomb:3   | Noticed a greater mummy
 77139 | Tomb:2   | Killed a greater mummy
 77317 | Tomb:3   | Noticed a greater mummy
 77324 | Tomb:2   | Killed a greater mummy
 77352 | Tomb:2   | Killed a greater mummy
 77405 | Tomb:2   | Killed a greater mummy
 78514 | Tomb:3   | Noticed Khufu
 78644 | Tomb:3   | Killed Khufu
 78971 | Tomb:3   | Noticed a greater mummy
 79112 | Tomb:3   | Killed a greater mummy
 79171 | Tomb:3   | Noticed a greater mummy
 79182 | Tomb:3   | Killed a greater mummy
 79278 | Tomb:3   | Noticed a greater mummy
 79285 | Tomb:3   | Noticed a greater mummy
 79288 | Tomb:3   | Killed a greater mummy
 79303 | Tomb:3   | Killed a greater mummy
 79303 | Tomb:3   | Received a gift from Okawaru
 79303 | Tomb:3   | Reached skill level 15 in Evocations
 79636 | Tomb:3   | Got a faintly humming crystal plate armour {god gift}
 79640 | Tomb:3   | Identified the +0 crystal plate armour "Ytic" {rF+ MR+ Dex+4} (Okawaru gifted it to you on level 3 of the Tomb of the Ancients)
 79656 | Tomb:3   | Got a golden rune of Zot
 80037 | Tomb:3   | Got a transparent long sword
 80038 | Tomb:3   | Identified the +5 long sword of Responsibility {slice, Dex+3} (You found it on level 3 of the Tomb of the Ancients)
 80054 | Tomb:3   | Got an ancient lead ring
 80055 | Tomb:3   | Identified the ring of Gicuudesm {Wiz Int+5} (You found it on level 3 of the Tomb of the Ancients)
 80058 | Tomb:3   | Got a twisted chain mail
 80059 | Tomb:3   | Identified the +2 chain mail of the Slorg {Int+4} (You found it on level 3 of the Tomb of the Ancients)
 80844 | Orc:1    | Bought a scroll of acquirement for 1612 gold pieces
 81262 | Lair:1   | Reached skill level 15 in Invocations
 81827 | Depths:5 | Entered Level 5 of the Depths
 82335 | Depths:5 | Noticed Dwachs's ghost (adept MiFi)
 82340 | Depths:5 | Noticed a juggernaut
 82734 | Depths:5 | Killed a juggernaut
 82753 | Depths:5 | Killed Dwachs's ghost
 83610 | Depths:5 | Noticed an ancient lich
 83618 | Depths:5 | Received a gift from Okawaru
 83622 | Depths:5 | Killed an ancient lich
 83851 | Depths:5 | Identified the Catalogue of Flamy Stolen Souls
 84082 | Depths:5 | Found a gate to the Realm of Zot.
 84095 | Zot:1    | Entered Level 1 of the Realm of Zot
 85783 | Zot:2    | Received a gift from Okawaru
 87287 | Zot:3    | Got a translucent tin ring
 87288 | Zot:3    | Identified the ring of the Frog {Wiz rN+} (You found it on level 3 of the Realm of Zot)
 88932 | Zot:4    | Noticed an orb of fire
 88932 | Zot:4    | Received a gift from Okawaru
 88935 | Zot:4    | Got a crude scimitar {god gift}
 88937 | Zot:4    | Gained mutation: You expend magic power (3 MP) to strengthen your wands. [an orb of fire]
 88952 | Zot:4    | Gained mutation: You are weak. (Str -2) [an orb of fire]
 88954 | Zot:4    | Gained mutation: You are clumsy. (Dex -2) [an orb of fire]
 88956 | Zot:4    | Killed an orb of fire
 89791 | Zot:4    | Identified the +7 scimitar "Idetir Beso" {holy, rElec rPois rC- MR++} (Okawaru gifted it to you on level 4 of the Realm of Zot)
 89870 | Zot:4    | Received a gift from Okawaru
 90392 | Zot:5    | Entered Level 5 of the Realm of Zot
 91121 | Zot:5    | Noticed an orb of fire
 91124 | Zot:5    | Gained mutation: Scrolls take you a little longer to read. [an orb of fire]
 91142 | Zot:5    | Killed an orb of fire
 91269 | Zot:5    | Noticed an ancient lich
 91287 | Zot:5    | Killed an ancient lich
 91287 | Zot:5    | Received a gift from Okawaru
 91437 | Zot:5    | Noticed an orb of fire
 91488 | Zot:5    | Killed an orb of fire
 91881 | Zot:5    | Noticed an ancient lich
 91889 | Zot:5    | Killed an ancient lich
 91915 | Zot:5    | Noticed an orb of fire
 91917 | Zot:5    | Gained mutation: You are partially covered in molten scales (AC +1). [an orb of fire]
 91931 | Zot:5    | Killed an orb of fire
 92345 | Zot:5    | Lost mutation: You are weak. (Str -2) [potion of cure mutation]
 92345 | Zot:5    | Lost mutation: You expend magic power (3 MP) to strengthen your wands. [potion of cure mutation]
 92566 | Zot:1    | Received a gift from Okawaru
 93317 | D:4      | Bought a bread ration for 70 gold pieces
 93317 | D:4      | Bought a meat ration for 70 gold pieces
 93317 | D:4      | Bought a bread ration for 70 gold pieces
 93317 | D:4      | Bought a bread ration for 70 gold pieces
 93317 | D:4      | Bought a bread ration for 70 gold pieces
 93317 | D:4      | Bought a meat ration for 70 gold pieces
 93327 | D:4      | Bought a potion of haste for 100 gold pieces
 93342 | D:4      | Bought 2 scrolls of fear for 98 gold pieces
 93539 | Lair:1   | Lost mutation: You are partially covered in molten scales (AC +1). [potion of cure mutation]
 93539 | Lair:1   | Lost mutation: Scrolls take you a little longer to read. [potion of cure mutation]
 93539 | Lair:1   | Lost mutation: You are clumsy. (Dex -2) [potion of cure mutation]
 93709 | Zig:1    | Entered Level 1 of a ziggurat
 93733 | Zig:2    | Entered Level 2 of a ziggurat
 93759 | Zig:3    | Entered Level 3 of a ziggurat
 93789 | Zig:4    | Entered Level 4 of a ziggurat
 93835 | Zig:4    | Got a steaming shield
 93846 | Zig:4    | Identified the +4 shield of the Dungeon {rCorr} (You acquired it on level 4 of a ziggurat)
 93971 | Zig:5    | Entered Level 5 of a ziggurat
 94058 | Zig:6    | Entered Level 6 of a ziggurat
 94305 | Zig:7    | Entered Level 7 of a ziggurat
 94314 | Zig:7    | Noticed a juggernaut
 94328 | Zig:7    | Killed a juggernaut
 94371 | Zig:7    | Identified Kuoxt's Grimoire of Ashen Envenoming
 94375 | Zig:7    | Gained mutation: You have large cloven feet. [potion of beneficial mutation]
 94379 | Zig:7    | Got a faintly glowing hat
 94390 | Zig:7    | Identified the -6 hat of Mirth {Int+2} (You acquired it on level 7 of a ziggurat)
 94431 | Zig:8    | Entered Level 8 of a ziggurat
 94436 | Zig:8    | Noticed a greater mummy
 94438 | Zig:8    | Noticed a greater mummy
 94450 | Zig:8    | Killed a greater mummy
 94485 | Zig:8    | Killed a greater mummy
 95263 | Zig:9    | Entered Level 9 of a ziggurat
 95273 | Zig:9    | Noticed Bynuusum the pandemonium lord
 95295 | Zig:9    | Killed Bynuusum the pandemonium lord
 95307 | Zig:9    | HP: 2/273 [Hell Sentinel/damnation (34)]
 95307 | Zig:9    | Killed from afar by a Brimstone Fiend

Skill      XL: |  1  2  3  4  5  6  7  8  9 10 11 12 13 14 15 16 17 18 19 20 21 22 23 24 25 26 27 |
---------------+----------------------------------------------------------------------------------+-----
Fighting       | 4 5 6 7 9 10 12 13 14 15 16 17 18 19 20 21 22 24 26 27 | 27.0
Armour         | 4 5 6 8 9 10 11 12 13 14 15 16 17 18 20 21 25 27 | 27.0
Shields        | 4 5 6 7 9 11 12 14 15 16 17 18 20 21 22 23 24 25 26 27 | 27.0
Dodging        | 1 2 3 4 5 |  5.1
Long Blades    | 3 4 5 6 8 10 11 14 15 17 18 20 21 22 23 24 25 26 27 | 27.0
Invocations    | 1 2 3 24 | 24.9
Stealth        | 1 7 |  7.0
Evocations     | 1 18 | 18.8

Action                   |  1- 3 |  4- 6 |  7- 9 | 10-12 | 13-15 | 16-18 | 19-21 | 22-24 | 25-27 || total
-------------------------+-------+-------+-------+-------+-------+-------+-------+-------+-------++-------
Melee: Long sword        |   120 |   108 |   331 |       |       |     7 |       |       |       ||   566
       Headbutt          |    11 |    18 |    80 |   193 |   383 |   466 |   413 |   530 |  1626 ||  3720
       Scimitar          |       |       |    53 |   369 |    35 |       |       |       |       ||   457
       Demon blade       |       |       |       |   419 |   197 |       |       |       |       ||   616
       Double sword      |       |       |       |       |  1017 |  1426 |  1248 |  1526 |  4285 ||  9502
Invok: Heroism           |       |       |     2 |     5 |     3 |     2 |     4 |     4 |    34 ||    54
       Finesse           |       |       |       |       |       |       |       |       |     4 ||     4
Evoke: Wand              |       |       |       |       |       |       |       |       |    15 ||    15
       Figurine of a zig |       |       |       |       |       |       |       |       |     1 ||     1
  Use: Scroll            |       |     7 |     3 |     7 |    21 |     7 |    12 |    12 |    34 ||   103
       Potion            |       |     2 |     2 |     1 |     1 |     1 |     4 |     1 |    19 ||    31
 Stab: Distracted        |       |       |       |       |     1 |       |       |     1 |       ||     2
  Eat: Chunk             |     1 |     4 |    10 |    20 |    47 |    34 |    65 |    73 |   145 ||   399
       Fruit             |       |       |     2 |     1 |     2 |       |     3 |       |    22 ||    30
       Beef jerky        |       |       |       |       |       |       |       |       |    11 ||    11
       Royal jelly       |       |       |       |       |       |       |       |       |     8 ||     8
       Pizza             |       |       |       |       |       |       |       |       |     6 ||     6
Armor: Scale mail        |    54 |     3 |       |       |       |       |       |       |       ||    57
       Chain mail        |       |    53 |    68 |       |       |       |       |       |       ||   121
       Crystal plate arm |       |       |   227 |   400 |   572 |   845 |   515 |   802 |  2076 ||  5437
       Gold dragon armou |       |       |       |       |       |       |       |       |   321 ||   321
Dodge: Dodged            |    39 |    29 |    65 |   134 |   268 |   425 |   291 |   367 |  1431 ||  3049
Block: Shield            |    68 |    49 |   205 |   458 |   884 |  1522 |  1264 |  1406 |  4425 || 10281
       Reflection        |       |       |       |       |       |    64 |    50 |     7 |     6 ||   127
